 Dungeon Crawl Stone Soup version 0.29-a0-25-g7f48f510a0 (webtiles) character file.

Game seed: 1463886329159202693

1972 testman the Ruffian (level 9, -2/78 HPs)
             Began as a Yellow Draconian Transmuter on Jan 31, 2022.
             Was a Believer of Okawaru.
             Slain by a sixfirhy (4 damage)
             ... on level 2 of the Abyss.
             The game lasted 00:29:32 (5843 turns).

testman the Ruffian (Yellow Draconian Transmuter)   Turns: 5843, Time: 00:29:33

Health: -2/78      AC:  9    Str: 15    XL:     9   Next: 0%
Magic:  11/12      EV: 11    Int: 15    God:    Okawaru [**....]
Gold:   248        SH:  5    Dex: 12    Spells: 5/12 levels left

rFire   . . .      SeeInvis .     - Unarmed
rCold   . . .      Faith    .   i - +0 buckler
rNeg    . . .      Spirit   .   (armour unavailable)
rPois   .          Reflect  .   (helmet currently unavailable)
rElec   .          Harm     .   k - +0 cloak
rCorr   +          Rampage  .   f - +0 pair of gloves
Will    .....                   (boots currently unavailable)
Stlth   +.........              (no amulet)
HPRegen 0.23/turn               v - ring of flight
MPRegen 0.13/turn               (no ring)

@: about to teleport, short of breath, appendages, flying
A: horns 2, talons 2, spit acid, AC +7, unfitting armour, cold-blooded, acid
resistance
a: Breathe Acid, End Transformation, Renounce Religion, Heroism


You were on level 2 of the Abyss.
You worshipped Okawaru.
Okawaru was pleased with you.
You had temporarily grown beastly horns and talons.
You visited 2 branches of the dungeon, and saw 9 of its levels.
You visited the Abyss 1 time.

You collected 248 gold pieces.

Inventory:

Hand Weapons
 g - a +1 hunting sling
Missiles
 a - 160 stones
 c - 11 poisoned darts
 w - 2 boomerangs
 z - 5 atropa-tipped darts
Armour
 f - a +0 pair of gloves (worn)
 i - a +0 buckler (worn)
 k - a +0 cloak (worn)
Jewellery
 v - a ring of flight (left hand)
Wands
 l - a wand of flame (42)
 t - a wand of mindburst (11)
Scrolls
 m - a scroll of enchant weapon
Potions
 b - a potion of experience {unknown}
 d - a potion of flight {unknown}
 e - a potion of lignification {unknown}
 h - a potion of cancellation {unknown}
 o - 2 potions of might {unknown}
 p - a potion of brilliance {unknown}
 q - a potion of haste {unknown}
 u - a potion of heal wounds {unknown}


   Skills:
 + Level 6.8 Fighting
 - Level 1.7 Dodging
 - Level 4.0 Shields
 + Level 6.9 Unarmed Combat
 - Level 2.0 Spellcasting
 - Level 5.1 Transmutations
 + Level 3.1 Ice Magic
 + Level 2.8 Invocations


You had 5 spell levels left.
You knew the following spells:

 Your Spells              Type           Power      Damage    Failure   Level
a - Beastly Appendage     Tmut           32%        N/A       3%          1
b - Wereblood             Tmut           16%        N/A       5%          2
c - Ice Form              Ice/Tmut       13%        N/A       45%         4

Your spell library contained the following spells:

 Spells                   Type           Power      Damage    Failure   Level
 Spider Form              Tmut/Pois      9%         N/A       30%         3
 Static Discharge         Conj/Air       1%         N/A       38%         2
 Dispel Undead            Necr           1%         3d6       95%         4
 Sticky Flame             Conj/Fire      1%         2d3       95%         4


Dungeon Overview and Level Annotations

Branches:
Dungeon (9/15)             Temple (1/1) D:5
   Lair: D:8-11         Orc: D:9-12

Altars:
Cheibriados
Dithmenos
Elyvilon
Gozag
Hepliaklqana
Kikubaaqudgha
Makhleb
Nemelex Xobeh
Okawaru
Ru
Trog
Uskayaw
Vehumet
Wu Jian
Yredelemnul
Zin
The Shining One

Shops:
D:9 *

Annotations:
D:2 Sigmund
D:8 Psyche


Innate Abilities, Weirdness & Mutations

You have temporarily grown beastly horns and talons.
You can spit globs of acid.
Your golden yellow scales are hard. (AC +7)
You cannot fit into any form of body armour.
You are cold-blooded and may be slowed by cold attacks.
You are resistant to acid. (rCorr)


Message History

There is an empty arch of ancient stone here.
A small abomination comes into view.
A sixfirhy comes into view.
You hit the small abomination.
The small abomination is lightly damaged.
As you read the scroll of teleportation, it crumbles to dust.
You feel strangely unstable.
You feel the power of the Abyss delaying your translocation!
The sixfirhy hits you. The sixfirhy shocks you!
The sixfirhy hits you but does no damage.
The small abomination hits you. You block the sixfirhy's attack.
Press: ? - help, Shift-Dir - straight line, f - sixfirhy
Aim: a sixfirhy (29% to hit)
You spit a glob of acid.
The glob of acid misses the sixfirhy.
The glob of acid hits the small abomination!
The acid corrodes the small abomination!
The acid splashes onto the sixfirhy!
The sixfirhy is splashed with acid.
The small abomination is severely damaged.
Casting: Beastly Appendage (safe; 3% risk of failure)
Press: ? - help, Q - select action, (/) - cycle Dir - look around, f - activate You grow a pair of large bovine horns.
Your feet morph into talons.
You block the sixfirhy's attack. x2; The small abomination hits you.
You punch the small abomination!
You destroy the small abomination!
That felt strangely unrewarding.
The sixfirhy hits you but does no damage.
The sixfirhy hits you. The sixfirhy shocks you!
You block the sixfirhy's attack.
You punch the sixfirhy! You claw the sixfirhy.
Your headbutt misses the sixfirhy.
The sixfirhy is moderately wounded.
The sixfirhy hits you. The sixfirhy shocks you! The sixfirhy barely misses you.
The sixfirhy hits you. The sixfirhy shocks you!
* * * LOW HITPOINT WARNING * * *
The sixfirhy closely misses you. The sixfirhy hits you.
* * * LOW HITPOINT WARNING * * *
The sixfirhy shocks you!
* * * LOW HITPOINT WARNING * * *
The sixfirhy hits you.
You die...

# ## # ### . ..##.
#.##
......##..##.#.#
#..###@3..#...##
#. #..#.###.#..#
#.#..###.## ... #
#....#.##...#..
#....#.#..#..#...#
... #.#.......#.##
#.. #...##..#.# .
#.. # # #.##...# .
...# #. ..
....#..#


You could see a sixfirhy.

Vanquished Creatures
  2 trolls (D:8)
  Prince Ribbit (D:5)
  A water moccasin (D:9)
  An ogre (D:5)
  5 phantoms
  A kobold brigand (D:9)
  A small abomination (Abyss:2)
  A scorpion (D:5)
  3 centaur zombies
  A bullfrog zombie (D:5)
  An orc priest (D:3)
  Crazy Yiuf (D:5)
  A gnoll shaman (D:6)
  A scorpion zombie (D:5)
  Ijyb (D:5)
  5 iguanas
  An orc wizard (D:4)
  A hound zombie (D:5)
  Robin (D:3)
  7 gnolls
  6 adders
  A shadow imp (D:5)
  A white imp (D:6)
  An ufetubus (D:5)
  An adder zombie (D:5)
  A dart slug (D:3)
  8 orcs
  7 endoplasms
  3 giant cockroaches
  14 goblins
  6 hobgoblins
  2 quokkas (D:2)
  8 ball pythons
  8 frilled lizards
  9 kobolds
  A rat (D:1)
114 creatures vanquished.

Vanquished Creatures (others)
  15 plants
15 creatures vanquished.

Grand Total: 129 creatures vanquished

Notes
Turn   | Place    | Note
-------+----------+-------------------------------------------
     0 | D:1      | testman the Draconian Transmuter began the quest for the
                  | Orb.
     0 | D:1      | Reached XP level 1. HP: 16/16 MP: 3/3
   120 | D:1      | Reached XP level 2. HP: 23/24 MP: 3/5
   125 | D:1      | Learned a level 2 spell: Wereblood
   383 | D:1      | Found a faded altar of an unknown god.
   591 | D:2      | Noticed Sigmund
  1045 | D:2      | Reached XP level 3. HP: 30/30 MP: 4/6
  1586 | D:3      | Noticed Robin
  1599 | D:3      | Killed Robin
  1735 | D:3      | Reached XP level 4. HP: 38/38 MP: 5/7
  2066 | D:3      | Reached skill level 1 in Shields
  2066 | D:3      | Reached XP level 5. HP: 40/45 MP: 5/8
  2228 | D:4      | Noticed a phantom
  2255 | D:4      | Killed a phantom
  2598 | D:4      | Reached XP level 6. HP: 39/52 MP: 9/9
  2964 | D:5      | Entered Level 5 of the Dungeon
  3048 | D:5      | Reached skill level 5 in Unarmed Combat
  3195 | D:5      | Your scales start taking on a golden yellow colour.
  3195 | D:5      | Reached XP level 7. HP: 43/60 MP: 10/10
  3195 | D:5      | Gained mutation: You are resistant to acid. (rCorr) [Yellow
                  | Draconian growth]
  3351 | D:5      | Noticed Ijyb
  3359 | D:5      | Killed Ijyb
  3429 | D:5      | Found a staircase to the Ecumenical Temple.
  3438 | Temple   | Entered the Ecumenical Temple
  3476 | Temple   | Became a worshipper of Warmaster Okawaru
  3840 | D:5      | Reached skill level 5 in Fighting
  3928 | D:5      | Noticed Prince Ribbit
  3944 | D:5      | Killed Prince Ribbit
  3944 | D:5      | Reached * piety under Okawaru
  4207 | D:5      | Reached XP level 8. HP: 69/69 MP: 9/11
  4568 | D:5      | Found a runed translucent door.
  4569 | D:5      | Noticed Crazy Yiuf
  4576 | D:5      | Killed Crazy Yiuf
  4583 | D:5      | Learned a level 4 spell: Ice Form
  4707 | D:6      | Reached skill level 1 in Ice Magic
  4804 | D:6      | Reached skill level 5 in Transmutations
  4961 | D:6      | You are sucked into a shaft and drop 3 floors!
  4961 | D:9      | Noticed a troll
  4974 | D:9      | Found the necklace of Bloodlust {*Rage Will++ Int-3 Slay+6}
  5346 | D:9      | Found Loluhot's Assorted Antiques.
  5519 | D:8      | Noticed a troll
  5523 | D:8      | Noticed a troll
  5526 | D:8      | Killed a troll
  5527 | D:8      | Reached skill level 1 in Invocations
  5533 | D:8      | Killed a troll
  5533 | D:8      | Reached ** piety under Okawaru
  5536 | D:8      | Noticed a six-headed hydra
  5537 | D:8      | Found the +1 robe of Vines {NoPotionHeal Regen++++}
  5710 | D:9      | Reached XP level 9. HP: 78/78 MP: 8/12
  5744 | D:8      | Noticed Psyche
  5789 | D:8      | Cast into level 2 of the Abyss (Psyche)
  5827 | Abyss:2  | Noticed a sixfirhy
  5843 | Abyss:2  | HP: 2/78 [sixfirhy (11)]
  5843 | Abyss:2  | Slain by a sixfirhy

Illustrated notes

Levels and vault maps discovered:
D:1:      minmay_arrival_semitransparent, layout_basic, basic_ecumenical_altar
D:2:      layout_basic, uniq_sigmund
D:3:      layout_basic, uniq_robin
D:4:      layout_cave_pools
D:5:      layout_basic, minmay_temple_entry_glass, kennysheep_generic_room_14,
          uniq_prince_ribbit1, uniq_crazy_yiuf_cottage, uniq_ijyb
D:6:      layout_basic
D:8:      layout_loops_ring, enter_bailey_5, serial_shops,
          nicolae_shop_competitors_out_of_business,
          hellmonk_guarded_unrand_vines, uniq_pikel, uniq_psyche
D:9:      layout_long_grid, serial_shops, kennysheep_mini_moat,
          corexii_checkpoint_a, introduction_to_nature_2
Temple:   grunt_wide_crystal_templ
Abyss:2:  base: D:7, due_exit_kobolds

Skill      XL: |  1  2  3  4  5  6  7  8 |
---------------+-------------------------+-----
Fighting       | 2 3 4 5 6 |  6.8
Unarmed Combat | 4 5 6 |  6.9
Shields        | 1 2 4 |  4.0
Transmutations | 3 4 5 |  5.1
Ice Magic      | 3 |  3.1
Invocations    | 2 |  2.8
Dodging        | |  1.7
Spellcasting   | |  2.0

Action                   |  1- 3 |  4- 6 |  7- 9 || total
-------------------------+-------+-------+-------++-------
Melee: Unarmed           |    97 |   145 |    87 ||   329
       Tailslap          |     9 |    17 |     7 ||    33
       Kick              |    23 |    34 |    33 ||    90
       Headbutt          |    14 |    11 |    20 ||    45
       Punch             |     1 |       |       ||     1
Throw: Throwing net      |       |       |     2 ||     2
       Dart              |       |       |     1 ||     1
 Cast: Beastly Appendage |    21 |    16 |    19 ||    56
       Wereblood         |     1 |     5 |     1 ||     7
Invok: Heroism           |       |       |     2 ||     2
 Abil: Breathe Acid      |       |       |    19 ||    19
  Use: Scroll            |       |       |    10 ||    10
 Stab: Sleeping          |     1 |       |       ||     1
Armor: Skin              |    28 |    42 |    27 ||    97
Dodge: Dodged            |    53 |    64 |    58 ||   175
Block: Buckler           |     3 |    20 |    21 ||    44

Table legend: (Time is in decaauts)
 A = Elapsed time spent in this place.
 B = Non-inter-level travel time spent in this place.
 C = Inter-level travel time spent in this place.
 D = Time resting spent in this place.
 E = Time spent auto-exploring this place.
 F = Levels seen in this place.
 G = Mean time per level.
                   A        B        C        D        E       F      G
               +--------+--------+--------+--------+--------+-----+--------+
         Total |   5829 |   5540 |    289 |   1508 |   2656 |  10 |  582.9 |
       Dungeon |   5727 |   5438 |    289 |   1508 |   2609 |   8 |  715.9 |
        Temple |     47 |     47 |      0 |      0 |     18 |   1 |   47.0 |
         Abyss |     53 |     53 |      0 |      0 |     29 |   1 |   53.0 |
               +--------+--------+--------+--------+--------+-----+--------+

Top non-repeatable levels by time:
     D:5: 1593 daAuts
     D:1: 795 daAuts
     D:2: 787 daAuts
     D:4: 778 daAuts
     D:9: 627 daAuts
     D:3: 597 daAuts
     D:6: 348 daAuts
     D:8: 199 daAuts
 Abyss:2: 53 daAuts
  Temple: 47 daAuts
